 Dungeon Crawl Stone Soup version 0.31-a0-152-g6aa68a64a1 (webtiles) character file.

Game seed: 10573545130739914930

834 qw the Skirmisher (level 7, -3/67 HPs)
             Began as a Minotaur Hunter on June 10, 2023.
             Was an Initiate of Okawaru.
             Slain by a gnoll
             ... wielding a +0 spear
             ... led by a gnoll sergeant
              (5 damage)
             ... on level 7 of the Dungeon.
             The game lasted 00:02:00 (5393 turns).

qw the Skirmisher (Minotaur Hunter)                 Turns: 5393, Time: 00:02:00

Health: -3/67      AC:  5    Str: 19    XL:     7   Next: 66%
Magic:  6/6        EV: 12    Int:  5    God:    Okawaru [......]
Gold:   337        SH:  0    Dex: 15    Spells: 6/6 levels left

rFire   . . .        Y - +0 shortbow
rCold   . . .        (shield currently unavailable)
rNeg    . . .        j - +0 ring mail
rPois   .            (helmet unavailable)
rElec   .            (no cloak)
rCorr   +            (no gloves)
SInv    .            (no boots)
Will    .....        f - amulet of regeneration
Stlth   +            d - ring of resist corrosion
HPRegen 1.11/turn    (no ring)
MPRegen 0.10/turn

%: no passive effects
@: no status effects
A: horns 3, retaliatory headbutt, robust 1, strong 1
a: Renounce Religion


You were on level 7 of the Dungeon.
You worshipped Okawaru.
Okawaru was noncommittal.
You visited 2 branches of the dungeon, and saw 8 of its levels.

You collected 337 gold pieces.


Innate Abilities, Weirdness & Mutations

You have a pair of large horns on your head.
You reflexively headbutt those who attack you in melee.
You are robust. (+10% HP)
Your muscles are strong. (Str +4, Int/Dex -1)


   Skills:
 + Level 5.5 Fighting
 - Level 9.0 Ranged Weapons
 - Level 1.5 Armour
 - Level 3.1 Dodging
 - Level 0.7 Stealth


You had 6 spell levels left.
You didn't know any spells.
Your spell library was empty.

Inventory:

Hand Weapons
 Y - a +0 shortbow (weapon)
Armour
 j - a +0 ring mail (worn)
Jewellery
 d - a ring of resist corrosion (left hand)
 f - an amulet of regeneration (around neck)
Scrolls
 a - 7 scrolls of identify
Potions
 b - 2 potions of mutation
 c - a potion of might
 e - a potion of resistance
 k - 5 potions of curing
 l - a potion of haste

Dungeon Overview and Level Annotations

Branches:
Dungeon (7/15)             Temple (1/1) D:5

Altars:
Ashenzari
Cheibriados
Dithmenos
Elyvilon
Fedhas
Gozag
Hepliaklqana
Kikubaaqudgha
Makhleb
Nemelex Xobeh
Okawaru
Ru
Uskayaw
Vehumet
Wu Jian
Xom
Yredelemnul
Zin
The Shining One

Shops:
D:6 :


Message History

You feel yourself slow down.
The gnoll sergeant hits you from afar with a +2 spear of freezing.
The gnoll sergeant freezes you.
You shoot an arrow.
The arrow hits the gnoll sergeant but does no damage.
The gnoll sergeant is lightly wounded.
The gnoll sergeant hits you from afar with a +2 spear of freezing.
The gnoll sergeant freezes you.
You shoot an arrow. The arrow hits the gnoll sergeant.
The gnoll sergeant is lightly wounded.
The gnoll sergeant barely misses you.
You shoot an arrow.
The arrow barely misses the gnoll sergeant.
The gnoll closely misses you. The gnoll sergeant barely misses you.
You shoot an arrow.
The arrow hits the gnoll sergeant but does no damage.
The gnoll sergeant is lightly wounded.
The gnoll barely misses you.
The gnoll sergeant hits you from afar with a +2 spear of freezing!
The gnoll sergeant freezes you.
You shoot an arrow.
The arrow completely misses the gnoll sergeant.
The gnoll hits you from afar with a +0 spear.
The gnoll sergeant misses you.
You shoot an arrow. The arrow hits the gnoll sergeant.
The gnoll sergeant is moderately wounded.
The gnoll hits you but does no damage.
The gnoll sergeant hits you from afar with a +2 spear of freezing!
The gnoll sergeant freezes you.
You shoot an arrow. The arrow hits the gnoll sergeant.
The gnoll sergeant is heavily wounded.
You feel your willpower return. The gnoll closely misses you.
The gnoll sergeant hits you from afar with a +2 spear of freezing.
The gnoll sergeant freezes you.
You shoot an arrow.
The arrow hits the gnoll sergeant but does no damage.
The gnoll sergeant is heavily wounded.
The gnoll hits you from afar with a +0 spear.
You die...

.... ..... . ...
.... .. ...###...
... .!.....
....#.#...#
........#.###
.##.........######
...).g)@..........
.....g............
..................
..........<.......
...###............
.. ...............
. ..#..###........
# ##. #........ .#
.........


You could see a gnoll sergeant and a gnoll.

Vanquished Creatures
  An ice beast (D:5)
  An ogre (D:6)
  A phantom (D:4)
  Blork the orc (D:5)
  A scorpion (D:4)
  A howler monkey (D:6)
  2 hounds
  A sleepcap (D:6)
  Ijyb (D:5)
  2 iguanas
  2 orc wizards (D:4)
  5 gnolls
  8 adders
  A worm (D:2)
  4 dart slugs
  8 orcs
  5 endoplasms
  5 giant cockroaches
  5 goblins
  6 hobgoblins
  9 jackals
  4 quokkas
  10 ball pythons
  5 bats
  2 frilled lizards (D:3)
  5 kobolds
  6 rats
102 creatures vanquished.

Notes
Turn   | Place    | Note
-------+----------+-------------------------------------------
     0 | D:1      | qw the Minotaur Hunter began the quest for the Orb.
     0 | D:1      | Reached XP level 1. HP: 18/18 MP: 0/0
     0 | D:1      | 0 ||| qw: Version: 0.2-a-122-gbc61b45
     0 | D:1      | 0 ||| qw: Game counter: 3671
     0 | D:1      | 0 ||| qw: Always use a shield: true
     0 | D:1      | 0 ||| qw: God list: Okawaru
     0 | D:1      | 0 ||| qw: Allow faded altars: false
     0 | D:1      | 0 ||| qw: Do Orc after D:15 true
     0 | D:1      | 0 ||| qw: Do second Lair branch before Depths: true
     0 | D:1      | 0 ||| qw: Lair rune preference: random
     0 | D:1      | 0 ||| qw: Plans: Normal
     0 | D:1      | 0 ||| PLANNING D:1-11
   147 | D:1      | Reached XP level 2. HP: 25/25 MP: 1/1
   221 | D:1      | Reached skill level 5 in Ranged Weapons
   634 | D:1      | Reached skill level 3 in Fighting
   950 | D:1      | 950 ||| UPGRADING to +0 ring mail.
   960 | D:1      | 960 ||| DROPPING +0 leather armour.
   961 | D:1      | 961 ||| UPGRADING to amulet of the acrobat.
   966 | D:1      | 966 ||| READING 3 scrolls labelled ROENOIDDAA.
   967 | D:1      | 967 ||| READING scroll labelled QITHRI HIEPLISU.
   968 | D:1      | 968 ||| READING scroll labelled JOFORA VYSAETS.
   969 | D:1      | 969 ||| READING scroll labelled LESISES XOSCHO.
   970 | D:1      | 970 ||| DRINKING 2 murky grey potions.
   971 | D:1      | 971 ||| READING 2 scrolls of identify.
   971 | D:1      | 971 ||| IDENTIFYING fizzy green potion
   972 | D:1      | 972 ||| DROPPING scroll of butterflies.
   974 | D:1      | 974 ||| Stepping ~*~*~tactically~*~*~ (cloud).
   983 | D:1      | HP: 6/26 [poisoned by you (poison gas)]
  1116 | D:2      | Reached XP level 3. HP: 31/31 MP: 2/2
  1175 | D:2      | Reached skill level 1 in Armour
  1347 | D:2      | Found a faded altar of an unknown god.
  1435 | D:2      | Reached XP level 4. HP: 26/38 MP: 3/3
  1822 | D:2      | 1822 ||| READING scroll labelled MUANIFO IFUO.
  1823 | D:2      | 1823 ||| DRINKING 2 black potions.
  1823 | D:2      | Gained mutation: You are robust. (+10% HP) [potion of
                  | mutation]
  1823 | D:2      | Gained mutation: Your muscles are strong. (Str +4, Int/Dex
                  | -1) [potion of mutation]
  1823 | D:2      | Gained mutation: You have a pair of large horns on your
                  | head. [potion of mutation]
  1832 | D:2      | 1832 ||| READING 4 scrolls of identify.
  1832 | D:2      | 1832 ||| IDENTIFYING brown potion
  1833 | D:2      | 1833 ||| DROPPING potion of enlightenment.
  2059 | D:3      | Reached skill level 6 in Ranged Weapons
  2300 | D:3      | Found a blossoming altar of Fedhas.
  2309 | D:3      | Found a hide-covered altar of Uskayaw.
  2348 | D:3      | 2348 ||| UPGRADING to amulet of regeneration.
  2358 | D:3      | 2358 ||| DROPPING amulet of the acrobat.
  2359 | D:3      | 2359 ||| READING scroll labelled ELLIPH WIBETU.
  2377 | D:3      | 2377 ||| READING scroll labelled LYIS KASTROTWIU.
  2378 | D:3      | 2378 ||| READING 5 scrolls of identify.
  2378 | D:3      | 2378 ||| IDENTIFYING yellow potion
  2453 | D:4      | Reached XP level 5. HP: 30/50 MP: 4/4
  2786 | D:4      | Found a shadowy altar of Dithmenos.
  2845 | D:4      | 2845 ||| Stepping ~*~*~tactically~*~*~ (outnumbered).
  2847 | D:4      | 2847 ||| Stepping ~*~*~tactically~*~*~ (outnumbered).
  2849 | D:4      | 2849 ||| Stepping ~*~*~tactically~*~*~ (outnumbered).
  2854 | D:4      | Reached skill level 7 in Ranged Weapons
  2861 | D:4      | Reached XP level 6. HP: 45/57 MP: 5/5
  2991 | D:4      | Found a radiant altar of Vehumet.
  2994 | D:4      | 2994 ||| Stepping ~*~*~tactically~*~*~ (outnumbered).
  3004 | D:4      | Reached skill level 8 in Ranged Weapons
  3149 | D:4      | 3149 ||| UPGRADING to ring of resist corrosion.
  3150 | D:4      | 3150 ||| READING scroll labelled VOLENI VEONU.
  3151 | D:4      | 3151 ||| READING 5 scrolls of identify.
  3151 | D:4      | 3151 ||| IDENTIFYING fizzy sapphire potion
  3152 | D:4      | 3152 ||| READING 4 scrolls of identify.
  3152 | D:4      | 3152 ||| IDENTIFYING golden potion
  3153 | D:4      | 3153 ||| DROPPING potion of brilliance.
  3154 | D:4      | 3154 ||| DROPPING potion of lignification.
  3168 | D:5      | Entered Level 5 of the Dungeon
  3168 | D:5      | Found a burning altar of Makhleb.
  3257 | D:5      | Found a staircase to the Ecumenical Temple.
  3258 | D:5      | 3258 ||| PLANNING TEMPLE
  3258 | D:5      | 3258 ||| READING 4 scrolls of identify.
  3258 | D:5      | 3258 ||| IDENTIFYING viscous brown potion
  3282 | Temple   | Entered the Ecumenical Temple
  3306 | Temple   | 3306 ||| PLANNING OKAWARU WORSHIP
  3440 | Temple   | Became a worshipper of Warmaster Okawaru
  3440 | Temple   | 3440 ||| PLANNING D:1-11
  3519 | D:5      | Noticed Blork the orc
  3527 | D:5      | HP: 11/58 [Blork the orc/+2 short sword of venom (5)]
  3527 | D:5      | HP: 3/58 [Blork the orc/+2 short sword of venom (8)]
  3528 | D:5      | 3528 ||| DRINKING 3 potions of heal wounds.
  3530 | D:5      | 3530 ||| DRINKING 2 potions of heal wounds.
  3534 | D:5      | HP: 13/58 [Blork the orc/+2 short sword of venom (3)]
  3535 | D:5      | 3535 ||| DRINKING potion of heal wounds.
  3537 | D:5      | Killed Blork the orc
  3537 | D:5      | HP: 6/58 [poisoned by Blork the orc]
  3538 | D:5      | Reached XP level 7. HP: 7/67 MP: 6/6
  3538 | D:5      | 3538 ||| DRINKING 2 potions of curing.
  3538 | D:5      | 3538 ||| (to cure poison)
  3599 | D:5      | Found an ancient bone altar of Kikubaaqudgha.
  3688 | D:5      | Noticed Ijyb
  3707 | D:5      | HP: 16/67 [Ijyb/+0 dagger (3)]
  3708 | D:5      | Killed Ijyb
  3786 | D:5      | Found a broken altar of Ashenzari.
  3970 | D:5      | 3970 ||| READING scroll labelled ALEW SOREM.
  4331 | D:6      | Found Docoula's Book Emporium.
  4524 | D:6      | Found a glowing golden altar of the Shining One.
  4662 | D:6      | Reached skill level 9 in Ranged Weapons
  4942 | D:6      | Reached skill level 3 in Dodging
  5327 | D:6      | 5327 ||| READING scroll labelled QETUNAS WOERA.
  5328 | D:6      | 5328 ||| READING scroll labelled NUIPIP OTTO.
  5329 | D:6      | 5329 ||| DRINKING 2 emerald potions.
  5330 | D:6      | 5330 ||| READING 8 scrolls of identify.
  5330 | D:6      | 5330 ||| IDENTIFYING fuming brown potion
  5331 | D:6      | 5331 ||| DROPPING potion of berserk rage.
  5391 | D:7      | HP: 11/67 [gnoll sergeant/+2 spear of freezing (13)]
  5392 | D:7      | HP: 2/67 [gnoll sergeant/+2 spear of freezing (5)]
  5393 | D:7      | Slain by a gnoll

Levels and vault maps discovered:
D:1:      ebering_trefoil_3fold, layout_basic
D:2:      layout_loops_ring, basic_ecumenical_altar, kennysheep_generic_room_11
D:3:      layout_rooms, mainiacjoe_overflow_swirl,
          nicolae_concentric_dashed_squares_wild
D:4:      layout_loops_ring, nicolae_vehumet_radiance, old_standard_altar
D:5:      layout_rooms, nicolae_kikubaaqudgha_miasma_corner, bloody_makhleb,
          old_standard_altar, minmay_temple_entry_antechambers,
          uniq_blork_the_orc, uniq_ijyb
D:6:      layout_layer_cave, lemuel_doored_altar, serial_shops,
          nicolae_shop_hallway_plus
D:7:      layout_rooms, mainiacjoe_overflow_24_doors, mainiacjoe_overflow_paths,
          ebering_ghost_rock_garden, dk_noncrumbling_3
Temple:   chequers_temple_sunken

Skill      XL: |  1  2  3  4  5  6  7 |
---------------+----------------------+-----
Ranged Weapons | 5 6 7 8 9 |  9.0
Fighting       | 3 4 5 |  5.5
Armour         | 1 |  1.5
Dodging        | 3 |  3.1
Stealth        | |  0.7

Action                     |  1- 3 |  4- 6 |  7- 9 || total
---------------------------+-------+-------+-------++-------
   Fire: Shortbow          |    84 |   225 |    96 ||   405
    Use: Scroll            |     5 |     9 |     4 ||    18
         Potion            |     1 |     4 |     2 ||     7
 Armour: Leather armour    |     4 |       |       ||     4
         Ring mail         |     3 |    40 |    12 ||    55
  Dodge: Dodged            |    13 |    91 |    29 ||   133

Table legend:
 A = Non-vault XP
 B = Vault XP
 C = Vault XP percentage of total XP
 D = Non-vault monster count
 E = Vault monster count
 F = Vault count percentage of total count
                 A         B        C        D         E       F
            +---------+---------+-------+---------+---------+-------
      Total |    1051 |     141 |  11.8 |      99 |       3 |   2.9
            +---------+---------+-------+---------+---------+-------
        D:1 |      38 |       0 |   0.0 |      23 |       0 |   0.0
        D:2 |      68 |      14 |  17.1 |      17 |       1 |   5.6
        D:3 |      34 |       0 |   0.0 |      18 |       0 |   0.0
        D:4 |     445 |       0 |   0.0 |      29 |       0 |   0.0
        D:5 |     224 |     127 |  36.2 |       7 |       2 |  22.2
        D:6 |     215 |       0 |   0.0 |       3 |       0 |   0.0
        D:7 |      27 |       0 |   0.0 |       2 |       0 |   0.0
            +---------+---------+-------+---------+---------+-------
